 Dungeon Crawl Stone Soup version 0.30-a0-847-g17996783a1 (webtiles) character file.

Game seed: 10511619740836904695

943 qeuew the Chopper (level 7, 40/61 HPs)
             Began as a Minotaur Fighter on Mar 2, 2023.
             Quit the game on level 4 of the Dungeon on Mar 3, 2023.
             The game lasted 00:06:47 (5089 turns).

qeuew the Chopper (Minotaur Fighter)                Turns: 5089, Time: 00:06:48

Health: 40/61      AC: 14    Str: 19 (20) XL:     7   Next: 88%
Magic:  6/6        EV: 10    Int:  2 (5)  God:
Gold:   178        SH:  5    Dex: 12      Spells: 6/6 levels left

rFire   . . .      SeeInvis .    a - +0 war axe
rCold   . . .      Faith    .    c - +0 buckler
rNeg    . . .      Spirit   .    b - +1 scale mail
rPois   .          Reflect  .    f - +2 hat
rElec   .          Rampage  .    (no cloak)
rCorr   .                        (no gloves)
Will    +....                    (no boots) Stlth
                                 (no amulet)
HPRegen 0.30/turn                o - +4 ring of protection
MPRegen 0.10/turn                (no ring)

@: no status effects
A: horns 2, retaliatory headbutt, strong-willed 1, noise suppression
a: no special abilities


You were on level 4 of the Dungeon.
You visited 1 branch of the dungeon, and saw 4 of its levels.
You also visited: Sewer.

You collected 178 gold pieces.

Inventory:

Hand Weapons
 a - a +0 war axe (weapon)
Armour
 b - a +1 scale mail (worn)
 c - a +0 buckler (worn)
 f - a +2 hat (worn)
Jewellery
 o - a +4 ring of protection (left hand)
Wands
 m - a wand of flame (8)
 p - a wand of polymorph (6)
Scrolls
 g - a scroll of fog
 h - 3 scrolls of fear {unknown}
 i - 2 scrolls of teleportation {unknown}
 l - a scroll of amnesia
 q - a scroll of enchant weapon {unknown}
Potions
 d - 2 potions of might
 e - 3 potions of brilliance
 j - a potion of ambrosia {unknown}
 k - a potion of curing
 n - a potion of haste {unknown}


   Skills:
 + Level 5.5 Fighting
 * Level 6.6 Axes
 + Level 5.4 Armour
 + Level 3.7 Dodging
 + Level 5.6 Shields
 + Level 1.4 Evocations


You had 6 spell levels left.
You didn't know any spells.
Your spell library contained the following spells:

 Spells                   Type           Power      Damage    Failure   Level
 Portal Projectile        Hex/Tloc       0%         N/A       100%        3
 Tukima's Dance           Hex            0%         N/A       100%        3
 Blade Hands              Tmut           0%         N/A       100%        5


Dungeon Overview and Level Annotations

Branches:
Dungeon (4/15)              Sewer (visited)
 Temple: D:4-7

Altars:
Fedhas


Innate Abilities, Weirdness & Mutations

You have a pair of horns on your head.
You reflexively headbutt those who attack you in melee.
You are strong-willed. (Will+)
You passively dampen the noise of your surroundings.


Message History

The adder zombie bites you but does no damage. x2
Things that are here:
a necrophage corpse; a necrophage corpse The adder zombie bites you but does no damage.
The water moccasin zombie bites you but does no damage.
The adder zombie attacks as you move away!
The adder zombie completely misses you.
The water moccasin zombie bites you but does no damage.
You barely miss the adder zombie. You headbutt the adder zombie.
The adder zombie is heavily damaged.
You barely miss the water moccasin zombie.
The water moccasin zombie closely misses you.
You furiously retaliate!
You headbutt the water moccasin zombie. The adder zombie barely misses you.
You slash the adder zombie!
You destroy the adder zombie!
You slash the water moccasin zombie!
The water moccasin zombie barely misses you.
You block the water moccasin zombie's attack.
You block the water moccasin zombie's attack.
The water moccasin zombie bites you.
Things that are here:
a necrophage corpse; a necrophage corpse The water moccasin zombie bites you.
You hit the water moccasin zombie.
The water moccasin zombie is severely damaged.
You hit the bush but do no damage.
The water moccasin zombie barely misses you. x2
You hit the water moccasin zombie.
The water moccasin zombie is severely damaged.
You hit the bush.
The water moccasin zombie bites you but does no damage.
You slash the water moccasin zombie!
You destroy the water moccasin zombie!
You slash the bush! You hit the bush but do no damage. You headbutt the bush.
The bush is almost destroyed.
Things that are here:
a necrophage corpse; a necrophage corpse Are you sure you want to abandon this character and quit the game? (Confirm with "yes".)

.# #...........#####.# #.#
.###########.#........###.#######
.............#.####..............
.########################.#######
######.########......#....# #
.............#.......###..# #
####.........#.......###..# #
####.#.......#...PP####...# #
.............#..@_........# #
####.#####.#.#..PPP####P..# #
.......#.#.#.#.......###..# #
####.#.#...#.#.......###..#######
#...#.#####.##......#..........#
#.###.#.....##################.#
#.###.###.#(...#.##.# #....
#.#..........#.#[##.# #.#.#
##.#######.#.......#.# #.#.#


There were no monsters in sight!

Vanquished Creatures
  Sigmund (D:3)
  A kobold brigand (D:3)
  3 necrophages (D:4)
  2 water moccasin zombies (D:4)
  A hound (D:4)
  2 orc wizards
  An iguana (D:4)
  Terence (D:3)
  A hound zombie (D:4)
  13 adders
  2 river rats (Sewer)
  2 adder zombies (D:4)
  2 worms (D:2)
  4 dart slugs
  16 orcs
  8 ball pythons
  9 endoplasms
  2 giant cockroaches (D:2)
  A goblin (D:1)
  8 hobgoblins
  3 quokkas (D:3)
  9 bats
  A frilled lizard (D:1)
  20 kobolds
  38 rats
151 creatures vanquished.

Vanquished Creatures (others)
  2 bushes (D:4)
  12 plants (D:4)
14 creatures vanquished.

Grand Total: 165 creatures vanquished

Notes
Turn   | Place    | Note
-------+----------+-------------------------------------------
     0 | D:1      | qeuew the Minotaur Fighter began the quest for the Orb.
     0 | D:1      | Reached XP level 1. HP: 19/19 MP: 0/0
   206 | D:1      | Reached XP level 2. HP: 25/27 MP: 1/1
   499 | D:1      | Reached skill level 3 in Axes
   970 | D:2      | Reached skill level 1 in Dodging
   971 | D:2      | Reached XP level 3. HP: 28/33 MP: 2/2
  1417 | D:2      | Reached XP level 4. HP: 40/40 MP: 3/3
  1634 | D:3      | Found a faded altar of an unknown god.
  1747 | D:3      | Found a glowing drain.
  1752 | Sewer    | Entered a sewer
  1783 | Sewer    | Reached skill level 4 in Axes
  1968 | Sewer    | Reached XP level 5. HP: 43/46 MP: 4/4
  2031 | Sewer    | Identified the +5 dagger of the Middle {venom, rF++ Str+2
                  | Int-3 Dex+5}
  2386 | D:3      | Noticed Terence
  2392 | D:3      | Killed Terence
  2515 | D:3      | Reached XP level 6. HP: 48/53 MP: 5/5
  2796 | D:3      | Reached skill level 5 in Axes
  2811 | D:3      | Noticed Sigmund
  2819 | D:3      | Killed Sigmund
  2820 | D:3      | Reached skill level 5 in Shields
  3123 | D:3      | Upgraded the game from 0.30-a0-845-g7c6808c8ce to
                  | 0.30-a0-847-g17996783a1
  3152 | D:3      | Reached skill level 5 in Armour
  3551 | D:3      | Reached skill level 5 in Fighting
  3551 | D:3      | Reached XP level 7. HP: 40/61 MP: 6/6
  3710 | D:3      | Gained mutation: You passively dampen the noise of your
                  | surroundings. [potion of mutation]
  3710 | D:3      | Gained mutation: You are strong-willed. (Will+) [potion of
                  | mutation]
  4568 | D:4      | Found a blossoming altar of Fedhas.
  4740 | D:4      | Reached skill level 6 in Axes
  5059 | D:4      | Reached skill level 1 in Evocations
  5089 | D:4      | Quit the game

Illustrated notes

Levels and vault maps discovered:
D:1:      wander_arrival_estate, layout_basic, hangedman_decor_slide_cut,
          moated_statue
D:2:      layout_loops_ring
D:3:      layout_loops_corners, hellmonk_ecumenical_altar_arch_garden,
          gup_sewer_entry_bowl, grunt_decor_arrowhead, uniq_terence,
          uniq_sigmund
D:4:      layout_basic, fedhas_altar_decomposition

Skill      XL: |  1  2  3  4  5  6  7 |
---------------+----------------------+-----
Axes           | 3 4 5 6 |  6.6
Dodging        | 1 2 3 |  3.7
Shields        | 4 5 |  5.6
Fighting       | 4 5 |  5.5
Armour         | 4 5 |  5.4
Evocations     | 1 |  1.4

Action                     |  1- 3 |  4- 6 |  7- 9 || total
---------------------------+-------+-------+-------++-------
  Melee: War axe           |    78 |   180 |   126 ||   384
         Headbutt          |     4 |    16 |    32 ||    52
    Use: Scroll            |     2 |     4 |     1 ||     7
         Potion            |     2 |     1 |     4 ||     7
 Armour: Scale mail        |    41 |   104 |    66 ||   211
  Dodge: Dodged            |    40 |   103 |    52 ||   195
  Block: Buckler           |    17 |    52 |    19 ||    88

Table legend: (Time is in decaauts)
 A = Elapsed time spent in this place.
 B = Non-inter-level travel time spent in this place.
 C = Inter-level travel time spent in this place.
 D = Time resting spent in this place.
 E = Time spent auto-exploring this place.
 F = Levels seen in this place.
 G = Mean time per level.
                   A        B        C        D        E       F      G
               +--------+--------+--------+--------+--------+-----+--------+
         Total |   5230 |   5109 |    121 |    409 |   3638 |   5 | 1046.0 |
       Dungeon |   4591 |   4470 |    121 |    409 |   3201 |   4 | 1147.8 |
         Sewer |    638 |    638 |      0 |      0 |    436 |   1 |  638.0 |
               +--------+--------+--------+--------+--------+-----+--------+

Top non-repeatable levels by time:
     D:3: 1599 daAuts
     D:4: 1380 daAuts
     D:1: 936 daAuts
     D:2: 675 daAuts
   Sewer: 638 daAuts
